 Dungeon Crawl Stone Soup version 0.26.1-2-gb8aa6d0cf2 (webtiles) character file.

Game seed: 17681898504946681265

12982 nightchill the Brawler (level 12, -3/110 HPs)
             Began as a Ghoul Gladiator on Mar 9, 2021.
             Was an Initiate of Gozag.
             Slain by an orc warrior
             ... wielding a +0 halberd
              (8 damage)
             ... on level 11 of the Dungeon.
             The game lasted 00:33:20 (15486 turns).

nightchill the Brawler (Ghoul Gladiator)           Turns: 15486, Time: 00:33:21

Health: -3/110     AC:  9    Str: 23    XL:     12   Next: 1%
Magic:  0/11       EV:  9    Int:  3    God:    Gozag
Gold:   1058       SH:  9    Dex: 10    Spells: 11/11 levels left

rFire    . . .     SeeInvis .     - Unarmed
rCold    + + .     Faith    .   q - +0 kite shield
rNeg     + + +     Spirit   +   p - +1 ring mail {rPois}
rPois    ∞         Reflect  .   t - +0 helmet
rElec    .         Harm     .   B - scarf {repulsion}
rCorr    .         Rampage  .   (no gloves)
Will     .....                  n - +0 pair of boots
Stlth    +.........             I - amulet of guardian spirit
HPRegen  0.00/turn              F - ring of protection from cold
MPRegen  0.12/turn              i - ring of stealth

@: gold aura, repel missiles
A: claws 1, cold resistance 1, negative energy resistance 3, inhibited
regeneration, torment resistance, unbreathing
a: Renounce Religion, Potion Petition, Call Merchant, Bribe Branch


You were on level 11 of the Dungeon.
You worshipped Gozag.
Gozag was most pleased with you.
You visited 3 branches of the dungeon, and saw 13 of its levels.

You collected 1639 gold pieces.
You paid 581 gold pieces to Gozag.

Inventory:

Missiles
 a - 3 javelins
 c - 3 throwing nets (quivered)
 g - 50 poisoned darts
 s - 8 silver javelins
 G - 3 atropa-tipped darts
Armour
 n - a +0 pair of boots (worn)
 p - a +1 ring mail of poison resistance (worn)
 q - a +0 kite shield (worn)
 t - a +0 helmet (worn)
 B - a scarf of repulsion (worn)
Magical Staves
 D - an uncursed staff of poison {unknown}
Jewellery
 i - a ring of stealth (right claw)
 F - a ring of protection from cold (left claw)
 I - an amulet of guardian spirit (around neck)
Wands
 k - a wand of digging (3)
Scrolls
 d - 3 scrolls of fear
 f - 3 scrolls of teleportation
 j - 2 scrolls of fog
 l - a scroll of enchant armour {unknown}
 m - 2 scrolls of immolation
 u - 4 scrolls of remove curse
 w - a scroll of amnesia
 y - 4 scrolls of magic mapping
 H - a scroll of noise {unknown}
 K - a scroll of torment {unknown}
 L - a scroll of blinking {unknown}
Potions
 b - a potion of resistance
 e - 2 potions of cancellation
 h - 5 potions of might
 o - 3 potions of haste
 r - 7 potions of ambrosia
 v - 4 potions of curing {unknown}
 x - 5 potions of heal wounds {unknown}
 A - 3 potions of magic {unknown}
 E - a potion of brilliance {unknown}
 J - a potion of degeneration {unknown}


   Skills:
 + Level 11.2 Fighting
 - Level 1.7 Throwing
 + Level 5.6 Armour
 - Level 2.6 Dodging
 + Level 2.3 Shields
 * Level 15.2 Unarmed Combat


You had 11 spell levels left.
You didn't know any spells.
Your spell library was empty.

Dungeon Overview and Level Annotations

Branches:
Dungeon (11/15)            Temple (1/1) D:4            Lair (1/6) D:9
    Orc (0/2) D:11

Altars:
Ashenzari
Cheibriados
Dithmenos
Elyvilon
Fedhas
Gozag
Hepliaklqana
Kikubaaqudgha
Makhleb
Nemelex Xobeh
Okawaru
Qazlal
Ru
Sif Muna
Trog
Uskayaw
Vehumet
Wu Jian
Xom
Yredelemnul
Zin
The Shining One

Annotations:
D:4 exclusion: downstairs
D:7 exclusion: downstairs
Lair:1 exclusion: hydra


Innate Abilities, Weirdness & Mutations

You thrive by killing the living.
You are immune to poison.
You have sharp fingernails.
Your flesh is cold resistant. (rC+)
You are immune to negative energy. (rN+++)
You do not regenerate when monsters are visible.
You are immune to unholy pain and torment.
You can survive without breathing.


Message History

You block the puff of flame.
The orc wizard mumbles some strange words.
The orc wizard blinks!
Something hits you.
* * * LOW HITPOINT WARNING * * *
The orc warrior hits you with a +0 battleaxe.
* * * LOW HITPOINT WARNING * * *
You mangle the orc warrior!!
The orc warrior is severely wounded.
The orc warrior hits you with a +0 glaive!
* * * LOW HITPOINT WARNING * * *
You block the orc warrior's attack. Something hits you but does no damage.
You claw the orc warrior!
You kill the orc warrior!
The orc priest becomes distracted by the nearby gold, dreaming of imaginary riches.
Something hits you.
* * * LOW HITPOINT WARNING * * *
You block the orc warrior's attack.
The orc warrior hits you from afar with a +0 halberd!
You die...
Your body crumbles into a pile of gold.

*,****************....
#..,,,,,,,,,,,,,,,....
#..#**************#...
#..# #..# #..# #..#
#..# #..#
#.o################..#
#..o.{$....(....(.....
#.ooo@................
#.o###################
#..# #..# #.o# #{.#
#..# ** ##o#*** *** ***
#.
*#$#$#8***8***8******#.


You could see 2 orc warriors, an orc priest (unaware), an orc wizard and 2 orcs.

Vanquished Creatures
  A boulder beetle (D:9)
  A two-headed ogre (D:8)
  Pikel (D:7)
  An ugly thing (D:10)
  A cyclops (D:11)
  5 gargoyles
  Maggie (D:8)
  A kobold demonologist (D:8)
  A komodo dragon (Lair:1)
  A queen bee (D:9)
  2 trolls (D:9)
  Eustachio (D:4)
  5 yaks (Lair:1)
  4 sky beasts
  2 black bears
  2 orc warriors (D:11)
  A phantom (D:9)
  2 ice beasts
  8 wolves
  3 ogres
  A centaur (D:7)
  18 big kobolds
  9 bullfrogs
  2 scorpions
  19 killer bees
  13 wights
  2 howler monkeys
  3 electric eels (D:9)
  3 bullfrog zombies
  A centaur zombie (D:8)
  2 jellies
  2 centaur skeletons (D:5)
  An orc priest (D:5)
  6 hounds
  A bullfrog skeleton (D:4)
  2 iguanas
  7 orc wizards
  7 worker ants
  A killer bee zombie (D:9)
  A hound zombie (D:5)
  A hound skeleton (D:8)
  A gnoll (D:5)
  13 adders
  2 shadow imps
  2 white imps
  An adder skeleton (D:5)
  An adder zombie (D:5)
  5 worms
  2 dart slugs
  3 leopard geckos
  32 orcs
  6 bats
  3 giant cockroaches
  13 goblins
  6 hobgoblins
  12 jackals
  3 quokkas
  A ball python (D:2)
  5 frilled lizards
  26 kobolds
  A quokka zombie (D:5)
  4 rats
288 creatures vanquished.

Vanquished Creatures (others)
  A sky beast (D:8)
  Robin (D:2)
  A goblin (D:2)
  3 fungi (Lair:1)
  A plant (Lair:1)
7 creatures vanquished.

Grand Total: 295 creatures vanquished

Notes
Turn   | Place    | Note
-------+----------+-------------------------------------------
     0 | D:1      | nightchill the Ghoul Gladiator began the quest for the Orb.
     0 | D:1      | Reached XP level 1. HP: 17/17 MP: 0/0
   202 | D:1      | Reached XP level 2. HP: 25/25 MP: 1/1
   666 | D:1      | Found a stormy altar of Qazlal.
   973 | D:1      | Reached skill level 4 in Unarmed Combat
   973 | D:1      | Reached XP level 3. HP: 22/30 MP: 2/2
  1081 | D:2      | Noticed Robin
  1680 | D:2      | Killed Robin
  1681 | D:2      | Reached XP level 4. HP: 30/38 MP: 3/3
  1780 | D:2      | Found an ancient bone altar of Kikubaaqudgha.
  2019 | D:2      | Reached skill level 5 in Unarmed Combat
  2310 | D:2      | Reached XP level 5. HP: 42/45 MP: 4/4
  2775 | D:3      | Noticed a sky beast
  2785 | D:3      | Killed a sky beast
  2786 | D:3      | Reached skill level 6 in Unarmed Combat
  2786 | D:3      | Reached XP level 6. HP: 41/52 MP: 5/5
  4166 | D:4      | Found a sacrificial altar of Ru.
  4247 | D:4      | Found a staircase to the Ecumenical Temple.
  4316 | D:5      | Entered Level 5 of the Dungeon
  4363 | Temple   | Entered the Ecumenical Temple
  4663 | D:4      | Noticed Eustachio
  4678 | D:4      | Killed Eustachio
  4679 | D:4      | Reached skill level 5 in Fighting
  4679 | D:4      | Reached skill level 7 in Unarmed Combat
  4679 | D:4      | Reached XP level 7. HP: 30/61 MP: 6/6
  4970 | D:4      | Found a broken altar of Ashenzari.
  5417 | D:5      | Reached skill level 8 in Unarmed Combat
  5619 | D:5      | Reached XP level 8. HP: 70/70 MP: 7/7
  6157 | D:5      | Found a stormy altar of Qazlal.
  6506 | D:5      | Found a glowing golden altar of the Shining One.
  6683 | D:5      | Reached skill level 9 in Unarmed Combat
  6940 | D:6      | Found a snail-covered altar of Cheibriados.
  7959 | D:7      | Reached skill level 10 in Unarmed Combat
  8067 | D:7      | Noticed Pikel
  8088 | D:6      | Reached XP level 9. HP: 57/79 MP: 8/8
  8194 | D:7      | Killed Pikel
  8195 | D:7      | Reached skill level 11 in Unarmed Combat
  8281 | D:7      | Found a glowing silver altar of Zin.
  8281 | D:7      | Found an opulent altar of Gozag.
  8430 | D:7      | Became a worshipper of Gozag Ym Sagoz the Greedy
  8494 | D:7      | Found a radiant altar of Vehumet.
  8494 | D:7      | Found a shadowy altar of Dithmenos.
  8495 | D:7      | Found a hazy altar of Hepliaklqana.
  8505 | D:7      | Found a hide-covered altar of Uskayaw.
  9186 | D:8      | Noticed Maggie
  9204 | D:8      | Killed Maggie
  9205 | D:8      | Reached skill level 12 in Unarmed Combat
  9372 | D:8      | Noticed a two-headed ogre
  9676 | D:8      | Reached XP level 10. HP: 84/91 MP: 7/9
  9827 | D:8      | Reached skill level 1 in Armour
 10142 | D:8      | Noticed a kobold demonologist
 10171 | D:8      | Killed a kobold demonologist
 10198 | D:8      | Reached skill level 13 in Unarmed Combat
 10354 | D:8      | Killed a two-headed ogre
 10524 | D:8      | Noticed a gargoyle
 10530 | D:8      | Killed a gargoyle
 10571 | D:8      | Noticed a gargoyle
 10579 | D:8      | Killed a gargoyle
 10580 | D:8      | Reached skill level 10 in Fighting
 10783 | D:8      | Noticed a gargoyle
 10788 | D:8      | Killed a gargoyle
 10935 | D:8      | Noticed a gargoyle
 10936 | D:8      | Killed a gargoyle
 10937 | D:8      | Reached XP level 11. HP: 100/100 MP: 10/10
 11089 | D:8      | Got a polished buckler
 11100 | D:8      | Identified the +2 buckler "Pucaits" {rPois} (You found it
                  | on level 8 of the Dungeon)
 11180 | D:9      | Reached skill level 14 in Unarmed Combat
 11908 | D:9      | Noticed a boulder beetle
 11924 | D:9      | Killed a boulder beetle
 12506 | D:9      | Found a sacrificial altar of Ru.
 12612 | D:9      | Found a white marble altar of Elyvilon.
 12921 | D:9      | Found a staircase to the Lair.
 13104 | D:9      | Reached skill level 5 in Armour
 14293 | D:10     | Entered Level 10 of the Dungeon
 14460 | Lair:1   | Entered Level 1 of the Lair of Beasts
 14571 | Lair:1   | Reached skill level 1 in Shields
 14837 | Lair:1   | Noticed a five-headed hydra
 15136 | Lair:1   | Reached skill level 15 in Unarmed Combat
 15249 | D:11     | Noticed a cyan ugly thing
 15260 | D:10     | Killed a cyan ugly thing
 15385 | D:11     | Noticed a cyclops
 15392 | D:11     | Killed a cyclops
 15393 | D:11     | Reached XP level 12. HP: 97/110 MP: 9/11
 15486 | D:11     | HP: 5/110 [something (1)]
 15486 | D:11     | Slain by an orc warrior

Illustrated notes

Levels and vault maps discovered:
D:1:      sevenhm_arrival_forest_fort_small_6, layout_basic
D:2:      layout_rooms, lemuel_crystal_altar, minmay_surrounded, uniq_robin
D:3:      layout_basic
D:4:      layout_basic, nicolae_ru_path_of_blood,
          minmay_temple_entry_antechambers, cheibrodos_ashenzari_chains,
          uniq_eustachio
D:5:      layout_layer_cave, nicolae_qazlal_eye_of_the_storm, tso_altar,
          minmay_bent
D:6:      layout_loops_ring, kennysheep_slug_shrine
D:7:      layout_loops_cross, grunt_temple_overflow_gold_and_silver,
          nicolae_overflow_quartered_altars, minmay_stone_trees_medium,
          uniq_pikel
D:8:      cheibrodos_statue_roulette, layout_loops_ring, special_room
          [special_room_kobold], uniq_maggie
D:9:      layout_roguey, elyvilon_altar_4, erik_lair_island, basic_altar,
          special_room [special_room_bee], minmay_three_doors
D:10:     layout_basic, kennysheep_nondescript, uniq_erica, uniq_gastronok
D:11:     layout_long_grid, david_orc_4, serial_glass, glass_columns_a,
          glass_columns_a, glass_columns_a
Temple:   minmay_temple_curvy_loop
Lair:1:   gammafunk_indiana_jones, layout_long_grid

Skill      XL: |  1  2  3  4  5  6  7  8  9 10 11 |
---------------+----------------------------------+-----
Unarmed Combat | 4 5 6 7 8 10 12 13 15 | 15.2
Fighting       | 3 4 5 7 9 10 11 | 11.2
Armour         | 3 5 |  5.6
Shields        | 2 |  2.3
Throwing       | |  1.7
Dodging        | |  2.6

Action                   |  1- 3 |  4- 6 |  7- 9 | 10-12 || total
-------------------------+-------+-------+-------+-------++-------
Melee: Unarmed           |    78 |   207 |   330 |   512 ||  1127
       Punch             |       |     4 |     9 |    14 ||    27
Throw: Throwing net      |       |       |       |     3 ||     3
Invok: Potion Petition   |       |       |       |     1 ||     1
Evoke: Wand              |       |       |       |     2 ||     2
  Use: Scroll            |       |     3 |    11 |     5 ||    19
       Potion            |       |       |       |     1 ||     1
 Stab: Distracted        |       |     1 |       |     2 ||     3
       Sleeping          |       |       |     3 |     2 ||     5
       Held in net/web   |       |       |       |     1 ||     1
Armor: Leather armour    |    41 |    34 |       |       ||    75
       Ring mail         |       |    14 |    96 |   126 ||   236
Dodge: Dodged            |    78 |    94 |   152 |   176 ||   500
       Repelled          |       |       |       |     3 ||     3
Block: Kite shield       |       |       |       |   126 ||   126
